ITL
RICHMOND FLAIRS @ BIRMINGHAM BARONS
08/10/2026
 
TOP OF THE 1ST
Richmond Flairs batting - Pitching for Birmingham Barons : RHP César Morín
Pitching: RHP César Morín
Batting: RHB Jared Thompson 0-0: Ball
1-0: Foul Ball, location: 2F
1-1: Ball
2-1: Swinging Strike
2-2: Foul Ball, location: 2F
2-2: Ball
3-2: Foul Ball, location: 2F
3-2: Base on Balls
Batting: RHB Alberto Hernández 0-0: Ball
Jared Thompson is caught stealing 2nd base
1-0: Ball
2-0: Foul Ball, location: 2F
2-1: Foul Ball, location: 2F
2-2: Foul Ball, location: 2F
2-2: Foul Ball, location: 2F
2-2: Ball
3-2: Strikes out swinging
Batting: LHB Frank Geddes 0-0: Ball
1-0: Swinging Strike
1-1: Ball
2-1: Called Strike
2-2: Ball
3-2: Ground out 1-3 (Groundball, 13S)
Top of the 1st over - 0 run(s), 0 hit(s), 0 error(s), 0 left on base; Richmond 0 - Birmingham 0
BOTTOM OF THE 1ST
Birmingham Barons batting - Pitching for Richmond Flairs : RHP Nariaki Tanaka
Pitching: RHP Nariaki Tanaka
Batting: SHB Anastasio Ortíz 0-0: Called Strike
0-1: Foul Ball, location: 2F
0-2: Ball
1-2: Ball
2-2: Strikes out swinging
Batting: LHB Curt Walker 0-0: Swinging Strike
0-1: Swinging Strike
0-2: Ball
1-2: Ground out U3 (Groundball, 3S)
Batting: LHB José Hernández 0-0: Ball
1-0: Ball
2-0: Called Strike
2-1: Foul Ball, location: 2F
2-2: Foul Ball, location: 2F
2-2: Foul Ball, location: 2F
2-2: Foul Ball, location: 2F
2-2: Fly out, F8 (Flyball, 8LM)
Bottom of the 1st over - 0 run(s), 0 hit(s), 0 error(s), 0 left on base; Richmond 0 - Birmingham 0
TOP OF THE 2ND
Richmond Flairs batting - Pitching for Birmingham Barons : RHP César Morín
Batting: RHB Javier Deleón 0-0: Foul Ball, location: 2F
0-1: Ball
1-1: Foul Ball, location: 2F
1-2: Strikes out swinging
Batting: LHB Roland Jones 0-0: Ball
1-0: Called Strike
1-1: Ball
2-1: Ball
3-1: Foul Ball, location: 2F
3-2: Foul Ball, location: 2F
3-2: Strikes out swinging
Batting: RHB R.J. Crosby 0-0: Ball
1-0: Called Strike
1-1: Ball
2-1: Ball
3-1: Foul Ball, location: 2F
3-2: SINGLE (Line Drive, 4MD)
Batting: RHB Elliott Johnston 0-0: SINGLE (Groundball, 3D)
R.J. Crosby to second
Runner from 2nd tries for 3rd, SAFE, throw made to third
Batting: LHB Luis Villa 0-0: Ball
1-0: Foul Ball, location: 2F
1-1: Foul Ball, location: 2F
1-2: Ball
2-2: Ball
3-2: Foul Ball, location: 2F
3-2: Base on Balls
Elliott Johnston to second
Batting: SHB Carlos Reyes 0-0: Ball
1-0: Called Strike
1-1: SINGLE (Groundball, 4MD)
R.J. Crosby scores
Elliott Johnston to third
Luis Villa to second
Runner from 3rd tries for Home, SAFE, throw made at trailing runner, SAFE at third!
Batting: RHB Jared Thompson 0-0: Ball
1-0: Called Strike
1-1: Swinging Strike
1-2: DOUBLE (Groundball, 5L)
Luis Villa scores
Carlos Reyes to third
Batting: RHB Alberto Hernández 0-0: Foul Ball, location: 2F
0-1: Ball
1-1: Foul Ball, location: 2F
1-2: Ball
2-2: Foul Ball, location: 2F
2-2: Foul Ball, location: 2F
2-2: Ball
3-2: Foul Ball, location: 2F
3-2: Fly out, F6 (Line Drive, 56D)
Top of the 2nd over - 3 run(s), 4 hit(s), 0 error(s), 2 left on base; Richmond 3 - Birmingham 0
BOTTOM OF THE 2ND
Birmingham Barons batting - Pitching for Richmond Flairs : RHP Nariaki Tanaka
Batting: LHB Marc May 0-0: Ground out 6-3 (Groundball, 6MD)
Batting: RHB Todd Rogers 0-0: Swinging Strike
0-1: Swinging Strike
0-2: Ball
1-2: Fly out, F5 (Line Drive, 5L)
Batting: RHB Juan Jiménez 0-0: Ball
1-0: Swinging Strike
1-1: Foul Ball, location: 2F
1-2: Foul Ball, location: 2F
1-2: Ground out 3-1 (Groundball, 34)
Bottom of the 2nd over - 0 run(s), 0 hit(s), 0 error(s), 0 left on base; Richmond 3 - Birmingham 0
TOP OF THE 3RD
Richmond Flairs batting - Pitching for Birmingham Barons : RHP César Morín
Batting: LHB Frank Geddes 0-0: SINGLE (Line Drive, 9S)
Batting: RHB Javier Deleón 0-0: Ball
1-0: Called Strike
1-1: Ball
2-1: Foul Ball, location: 2F
2-2: Foul Ball, location: 2F
2-2: Foul Ball, location: 2F
2-2: Strikes out looking
Batting: LHB Roland Jones 0-0: Foul Ball, location: 2F
0-1: Foul Ball, location: 2F
0-2: Ball
Wild Pitch!
Frank Geddes to second
1-2: Ball
2-2: Ball
3-2: Foul Ball, location: 2F
3-2: Foul Ball, location: 2F
3-2: Strikes out swinging
Batting: RHB R.J. Crosby 0-0: Swinging Strike
0-1: Foul Ball, location: 2F
0-2: Foul Ball, location: 2F
0-2: SINGLE (Groundball, 4MD)
Frank Geddes to third
Runner from 3rd tries for Home, SAFE, no throw or cutoff
Batting: RHB Elliott Johnston 0-0: Foul Ball, location: 2F
0-1: Ball
1-1: Swinging Strike
1-2: Foul Ball, location: 2F
1-2: Strikes out swinging
Top of the 3rd over - 1 run(s), 2 hit(s), 0 error(s), 1 left on base; Richmond 4 - Birmingham 0
BOTTOM OF THE 3RD
Birmingham Barons batting - Pitching for Richmond Flairs : RHP Nariaki Tanaka
Batting: LHB John Haney 0-0: Called Strike
0-1: Ball
1-1: Ball
2-1: SOLO HOME RUN (Line Drive, 8RXD), Distance : 440 ft
Batting: RHB Vicente Elías 0-0: Ball
1-0: Swinging Strike
1-1: Ball
2-1: Ground out 5-3 (Groundball, 5S)
Batting: RHB David Raymos 0-0: Foul Ball, location: 2F
0-1: Foul Ball, location: 2F
0-2: Foul Ball, location: 2F
0-2: Fly out, F7 (Flyball, 78M)
Batting: SHB Anastasio Ortíz 0-0: SINGLE (Groundball, 6MD)
Batting: LHB Curt Walker 0-0: Foul Ball, location: 2F
0-1: Ball
Anastasio Ortíz steals 2nd base
1-1: Swinging Strike
1-2: Ball
2-2: Strikes out swinging
Bottom of the 3rd over - 1 run(s), 2 hit(s), 0 error(s), 1 left on base; Richmond 4 - Birmingham 1
TOP OF THE 4TH
Richmond Flairs batting - Pitching for Birmingham Barons : RHP César Morín
Batting: LHB Luis Villa 0-0: Called Strike
0-1: Ball
1-1: Foul Ball, location: 2F
1-2: Ground out 4-3 (Groundball, 34)
Batting: SHB Carlos Reyes 0-0: Called Strike
0-1: Ball
1-1: Foul Ball, location: 2F
1-2: Ground out 6-3 (Groundball, 6)
Batting: RHB Jared Thompson 0-0: Fly out, F8 (Flyball, 8RXD)
Top of the 4th over - 0 run(s), 0 hit(s), 0 error(s), 0 left on base; Richmond 4 - Birmingham 1
BOTTOM OF THE 4TH
Birmingham Barons batting - Pitching for Richmond Flairs : RHP Nariaki Tanaka
Batting: LHB José Hernández 0-0: Ball
1-0: Ball
2-0: Ball
3-0: Ground out 6-3 (Groundball, 6M)
Batting: LHB Marc May 0-0: Ball
1-0: Called Strike
1-1: Ball
2-1: DOUBLE (Line Drive, 3D)
Batting: RHB Todd Rogers 0-0: Ball
1-0: Ball
2-0: Ball
3-0: Called Strike
3-1: Called Strike
3-2: Foul Ball, location: 2F
3-2: Strikes out swinging
Batting: RHB Juan Jiménez 0-0: Ball
1-0: Swinging Strike
1-1: Foul Ball, location: 2F
1-2: Ball
2-2: Fly out, F7 (Flyball, 7D)
Bottom of the 4th over - 0 run(s), 1 hit(s), 0 error(s), 1 left on base; Richmond 4 - Birmingham 1
TOP OF THE 5TH
Richmond Flairs batting - Pitching for Birmingham Barons : RHP César Morín
Batting: RHB Alberto Hernández 0-0: Ball
1-0: Ball
2-0: Ball
3-0: Called Strike
3-1: Base on Balls
Pitching: RHP Domingo Ortíz
Batting: LHB Frank Geddes 0-0: Foul Ball, location: 2F
0-1: Ball
1-1: Called Strike
1-2: Fly out, F8 (Flyball, 8LXD)
Batting: RHB Javier Deleón 0-0: Ball
1-0: Called Strike
1-1: Foul Ball, location: 2F
1-2: Grounds into double play, 6-4-3 (Groundball, 6)
Top of the 5th over - 0 run(s), 0 hit(s), 0 error(s), 0 left on base; Richmond 4 - Birmingham 1
BOTTOM OF THE 5TH
Birmingham Barons batting - Pitching for Richmond Flairs : RHP Nariaki Tanaka
Batting: LHB John Haney 0-0: Ball
1-0: Called Strike
1-1: Called Strike
1-2: Strikes out swinging
Batting: RHB Vicente Elías 0-0: Ball
1-0: Foul Ball, location: 2F
1-1: SINGLE (Line Drive, 78S)
Batting: RHB David Raymos 0-0: Ball
1-0: Hit by Pitch
Vicente Elías to second
Batting: SHB Anastasio Ortíz 0-0: Foul Ball, location: 2F
0-1: SINGLE (Groundball, 5D)
Vicente Elías to third
David Raymos to second
Runner from 3rd tries for Home, SAFE, no throw or cutoff
Batting: LHB Curt Walker 0-0: Fly out, F8 (Flyball, 8LS)
Batting: LHB José Hernández 0-0: Called Strike
0-1: SINGLE (Line Drive, 3D)
David Raymos to third
Anastasio Ortíz to second
Batting: LHB Marc May 0-0: Ball
1-0: DOUBLE (Flyball, 89XD)
David Raymos scores
Anastasio Ortíz scores
José Hernández to third
Batting: RHB Todd Rogers 0-0: Called Strike
0-1: Called Strike
0-2: Ball
1-2: Foul Ball, location: 2F
1-2: 3-RUN HOME RUN (Flyball, 78XD), Distance : 410 ft
Pitching: RHP Pepe Vázquez
Batting: RHB Juan Jiménez 0-0: Ball
1-0: Foul Ball, location: 2F
1-1: Foul Ball, location: 2F
1-2: Foul Ball, location: 2F
1-2: Ball
2-2: SOLO HOME RUN (Flyball, 78XD), Distance : 397 ft
Batting: LHB John Haney 0-0: Called Strike
0-1: Called Strike
0-2: Strikes out swinging
Bottom of the 5th over - 7 run(s), 6 hit(s), 0 error(s), 0 left on base; Richmond 4 - Birmingham 8
TOP OF THE 6TH
Richmond Flairs batting - Pitching for Birmingham Barons : RHP Domingo Ortíz
Batting: LHB Roland Jones 0-0: Ball
1-0: Ball
2-0: Ball
3-0: Called Strike
3-1: Base on Balls
Batting: RHB R.J. Crosby 0-0: Called Strike
0-1: Ball
1-1: Ball
2-1: Grounds into double play, U4-3 (Groundball, 4)
Batting: RHB Elliott Johnston 0-0: Called Strike
0-1: Swinging Strike
0-2: Strikes out looking
Top of the 6th over - 0 run(s), 0 hit(s), 0 error(s), 0 left on base; Richmond 4 - Birmingham 8
BOTTOM OF THE 6TH
Birmingham Barons batting - Pitching for Richmond Flairs : RHP Pepe Vázquez
Batting: RHB Vicente Elías 0-0: Called Strike
0-1: Swinging Strike
0-2: Strikes out swinging
Batting: RHB David Raymos 0-0: Foul Ball, location: 2F
0-1: Ball
1-1: Ball
2-1: Ground out 4-3 (Groundball, 4M)
Batting: SHB Anastasio Ortíz 0-0: Foul Ball, location: 2F
0-1: Swinging Strike
0-2: Strikes out swinging, 2-3 out at first.
Bottom of the 6th over - 0 run(s), 0 hit(s), 0 error(s), 0 left on base; Richmond 4 - Birmingham 8
TOP OF THE 7TH
Richmond Flairs batting - Pitching for Birmingham Barons : RHP Domingo Ortíz
Pitching: RHP Jim Hicks
Batting: LHB Luis Villa 0-0: Fly out, F7 (Flyball, 7D)
Batting: SHB Carlos Reyes 0-0: Foul Ball, location: 2F
0-1: Ball
1-1: Ground out 6-3 (Groundball, 6M)
Batting: RHB Jared Thompson 0-0: Called Strike
0-1: Ball
1-1: Ground out 6-3 (Groundball, 6)
Top of the 7th over - 0 run(s), 0 hit(s), 0 error(s), 0 left on base; Richmond 4 - Birmingham 8
BOTTOM OF THE 7TH
Birmingham Barons batting - Pitching for Richmond Flairs : RHP Pepe Vázquez
Batting: LHB Curt Walker 0-0: Ball
1-0: Foul Ball, location: 2F
1-1: Ball
2-1: SINGLE (Line Drive, 6MD)
Batting: LHB José Hernández 0-0: Ball
1-0: Called Strike
1-1: Swinging Strike
1-2: Strikes out swinging
Batting: LHB Marc May 0-0: Ball
1-0: Grounds into double play, 6-4-3 (Groundball, 6M)
Bottom of the 7th over - 0 run(s), 1 hit(s), 0 error(s), 0 left on base; Richmond 4 - Birmingham 8
TOP OF THE 8TH
Richmond Flairs batting - Pitching for Birmingham Barons : RHP Jim Hicks
Batting: RHB Alberto Hernández 0-0: Foul Ball, location: 2F
0-1: Ball
1-1: Ball
2-1: Foul Ball, location: 2F
2-2: Foul Ball, location: 2F
2-2: Fly out, F8 (Flyball, 8RXD)
Batting: LHB Frank Geddes 0-0: Ball
1-0: Fly out, F9 (Flyball, 9LM)
Batting: RHB Javier Deleón 0-0: Foul Ball, location: 2F
0-1: Foul Ball, location: 2F
0-2: Strikes out swinging
Top of the 8th over - 0 run(s), 0 hit(s), 0 error(s), 0 left on base; Richmond 4 - Birmingham 8
BOTTOM OF THE 8TH
Birmingham Barons batting - Pitching for Richmond Flairs : RHP Pepe Vázquez
Pitching: LHP Orlando Díaz
Batting: RHB Todd Rogers 0-0: Swinging Strike
0-1: Swinging Strike
0-2: Strikes out swinging
Batting: RHB Juan Jiménez 0-0: Ball
1-0: Foul Ball, location: 2F
1-1: Foul Ball, location: 2F
1-2: Strikes out swinging
Batting: LHB John Haney 0-0: Ball
1-0: Called Strike
1-1: Called Strike
1-2: Foul Ball, location: 2F
1-2: Foul Ball, location: 2F
1-2: Ground out 6-3 (Groundball, 6)
Bottom of the 8th over - 0 run(s), 0 hit(s), 0 error(s), 0 left on base; Richmond 4 - Birmingham 8
TOP OF THE 9TH
Richmond Flairs batting - Pitching for Birmingham Barons : RHP Jim Hicks
Batting: LHB Roland Jones 0-0: Ball
1-0: Ground out 4-3 (Groundball, 4)
Batting: RHB R.J. Crosby 0-0: Called Strike
0-1: Ball
1-1: Ball
2-1: Ground out 4-3 (Groundball, 4)
Batting: RHB Elliott Johnston 0-0: Ball
1-0: Called Strike
1-1: Foul Ball, location: 2F
1-2: Ball
2-2: Strikes out swinging
Top of the 9th over - 0 run(s), 0 hit(s), 0 error(s), 0 left on base; Richmond 4 - Birmingham 8
Monday, December 5th, 2016 - OOTP Baseball 17.12 Build 75